 Dungeon Crawl Stone Soup version 0.27-a0-1036-g8e1b44f6bd (webtiles) character file.

Game seed: 16126401102651652551

91 Ge0ff the Magician (level 4, -1/32 HPs)
             Began as a Djinni Ice Elementalist on Apr 18, 2021.
             Slain by an adder (4 damage)
             ... on level 2 of the Dungeon.
             The game lasted 00:02:34 (1195 turns).

Ge0ff the Magician (Djinni Ice Elementalist)        Turns: 1195, Time: 00:02:35

Health: -1/32      AC:  2    Str:  7    XL:     4   Next: 57%
Gold:   17         EV: 12    Int: 18    God:
                   SH:  0    Dex: 13

rFire    + + .     SeeInvis .   a - +2 dagger (venom)
rCold    x . .     Faith    .   (no shield)
rNeg     . . .     Spirit   .   f - +0 robe
rPois    ∞         Reflect  .   (no helmet)
rElec    .         Harm     .   (no cloak)
rCorr    .         Rampage  .   (no gloves)
Will     .....                  (boots unavailable)
Stlth    ++........             (no amulet)
HPRegen  0.10/turn              (no ring)
MPRegen  0.00/turn              (no ring)

@: flying
A: fire resistance 2, cold vulnerability 1, float, innate caster, hp casting,
extra vitality 1
a: no special abilities


You were on level 2 of the Dungeon.
You visited 1 branch of the dungeon, and saw 2 of its levels.

You collected 17 gold pieces.

Inventory:

Hand Weapons
 a - a +2 dagger of venom (weapon)
 b - a +2 dagger of speed
Armour
 f - a +0 robe (worn)
Scrolls
 c - a scroll of identify {unknown}
 d - a scroll of immolation {unknown}
 h - a scroll of silence {unknown}
Potions
 e - a potion of lignification {unknown}
 g - a potion of berserk rage {unknown}


   Skills:
 - Level 1.0 Fighting
 - Level 2.1 Dodging
 - Level 1.5 Stealth
 + Level 5.0 Spellcasting


You couldn't memorise any spells.
You knew the following spells:

 Your Spells              Type           Power      Damage    Failure   Level
a - Ozocubu's Armour      Ice            22%        N/A       4%          3
b - Pain                  Necr           88%        1d8       1%          1
f - Metabolic Englaciati  Hex/Ice        11%        N/A       43%         5
k - Freeze                Ice            88%        1d10      1%          1
m - Frozen Ramparts       Ice            44%        1d6       4%          3
E - Hailstorm             Conj/Ice       22%        3d7       17%         4
Your spell library was empty.

Dungeon Overview and Level Annotations

Branches:
Dungeon (2/15)

Altars:


Innate Abilities, Weirdness & Mutations

You are immune to poison.
Your flesh is very heat resistant. (rF++)
You are vulnerable to cold. (rC-)
You float through the air rather than walking.
You learn spells naturally, not from books.
Your magical power is your life essence.
You have superior vitality. (+4 HP)


Message History

Done exploring.
Done exploring.
Search for what [? for help]? .
Adjust (i)tems, (s)pells, or (a)bilities?
f - a +2 dagger of speed Adjust to which letter? (? for menu, Esc to quit)
b - a +2 dagger of speed;
f - a +0 robe (worn)
(D) Dungeon
Where to? (Enter - D:1 @ (x,y), ? - help)
There is a stone staircase leading down here.
You fly downwards. 2 adders and a scorpion come into view.
Found a short sword.
There is a stone staircase leading up here.
The helpless scorpion fails to defend itself.
You hit the scorpion.
The scorpion is poisoned.
The scorpion is moderately wounded.
The adder hisses angrily.
The scorpion stings you!
Casting: Freeze (safe; 2% risk of failure)
Confirm with . or Enter, or press ? or * to list all spells.
Aiming: Freeze (safe; 2% risk of failure)
Press: ? - help, Shift-Dir - straight line, f - scorpion
Aim: a scorpion (moderately wounded, very poisoned)
You freeze the scorpion.
The scorpion is heavily wounded.
The scorpion stings you.
Casting: Freeze (safe; 2% risk of failure)
Confirm with . or Enter, or press ? or * to list all spells.
Aiming: Freeze (safe; 2% risk of failure)
Press: ? - help, Shift-Dir - straight line, f/p - scorpion
Aim: a scorpion (severely wounded, very poisoned)
You freeze the scorpion.
The scorpion is severely wounded.
The scorpion stings you!
* * * LOW HITPOINT WARNING * * *
Casting: Freeze (safe; 2% risk of failure)
Confirm with . or Enter, or press ? or * to list all spells.
Aiming: Freeze (safe; 2% risk of failure)
Press: ? - help, Shift-Dir - straight line, f/p - scorpion
Aim: a scorpion (almost dead, very poisoned)
You freeze the scorpion.
You kill the scorpion!
* * * LOW HITPOINT WARNING * * *
The adder misses you.
Your Spellcasting skill increases to level 5!
You have reached level 4!
You feel clever. The adder misses you. The adder bites you.
You die...

#.# #.# #.#
#.# #.# ##.##
######...###.#
.......@.....#
######SS..####
##)#.# #.#.#
#.# # #.# #.#
#.#


You could see 2 adders.

Vanquished Creatures
  A scorpion (D:2)
  5 ball pythons (D:1)
  4 endoplasms (D:1)
  4 goblins (D:1)
  A hobgoblin (D:1)
  2 quokkas (D:1)
  5 bats (D:1)
  3 frilled lizards (D:1)
  A kobold (D:1)
  A rat (D:1)
27 creatures vanquished.

Notes
Turn   | Place    | Note
-------+----------+-------------------------------------------
     0 | D:1      | Ge0ff the Djinni Ice Elementalist began the quest for the
                  | Orb.
     0 | D:1      | Reached XP level 1. HP: 15/15 MP: 0/0
   160 | D:1      | Reached skill level 1 in Fighting
   269 | D:1      | Reached XP level 2. HP: 18/22 MP: 0/0
   427 | D:1      | Found a faded altar of an unknown god.
   517 | D:1      | Reached skill level 4 in Spellcasting
   685 | D:1      | Reached XP level 3. HP: 17/27 MP: 0/0
   685 | D:1      | Learned a level 1 spell: Pain
  1190 | D:2      | Noticed a scorpion
  1194 | D:2      | Killed a scorpion
  1195 | D:2      | Reached skill level 5 in Spellcasting
  1195 | D:2      | Reached XP level 4. HP: 3/32 MP: 0/0
  1195 | D:2      | Slain by an adder

Illustrated notes

Levels and vault maps discovered:
D:1:      minmay_arrival_cross, layout_basic,
          hellmonk_ecumenical_altar_arch_garden, palyth_stone_intersect,
          minmay_3d_cube
D:2:      layout_loops_ring, st_stairs_8

Skill      XL: |  1  2  3 |
---------------+----------+-----
Fighting       | 1 |  1.0
Spellcasting   | 4 5 |  5.0
Dodging        | |  2.1
Stealth        | |  1.5

Action                   |  1- 3 |  4- 6 || total
-------------------------+-------+-------++-------
Melee: Dagger            |     7 |       ||     7
       Unarmed           |     1 |       ||     1
 Cast: Freeze            |    39 |       ||    39
 Stab: Sleeping          |     2 |       ||     2
Armor: Robe              |     9 |       ||     9
Dodge: Dodged            |    36 |     1 ||    37

Table legend: (Time is in decaauts)
 A = Elapsed time spent in this place.
 B = Non-inter-level travel time spent in this place.
 C = Inter-level travel time spent in this place.
 D = Time resting spent in this place.
 E = Time spent auto-exploring this place.
 F = Levels seen in this place.
 G = Mean time per level.
                   A        B        C        D        E       F      G
               +--------+--------+--------+--------+--------+-----+--------+
         Total |   1193 |   1168 |     25 |      0 |    988 |   2 |  596.5 |
       Dungeon |   1193 |   1168 |     25 |      0 |    988 |   2 |  596.5 |
               +--------+--------+--------+--------+--------+-----+--------+

Top non-repeatable levels by time:
     D:1: 1189 daAuts
     D:2: 4 daAuts
